 Dungeon Crawl Stone Soup version 0.28.0-53-g5a82cb258f (webtiles) character file.

Game seed: 1935275390030706025

6580 mcbry74 the Cleaver (level 11, -8/91 HPs)
             Began as a Hill Orc Fighter on June 28, 2022.
             Was a High Priest of Okawaru.
             Mangled by a komodo dragon (25 damage)
             ... on level 1 of the Lair of Beasts.
             The game lasted 00:33:24 (9893 turns).

mcbry74 the Cleaver (Hill Orc Fighter)              Turns: 9893, Time: 00:33:25

Health: -8/91      AC: 11    Str: 24    XL:     11   Next: 1%
Magic:  12/12      EV: 10    Int:  8    God:    Okawaru [*****.]
Gold:   324        SH:  4    Dex: 10    Spells: 10/10 levels left

rFire   + + .      SeeInvis .   L - +1 broad axe (vorpal)
rCold   x x .      Faith    +   c - +0 buckler
rNeg    . . .      Spirit   .   M - +0 swamp dragon scales
rPois   +          Reflect  .   t - +0 helmet
rElec   .          Harm     .   (no cloak)
rCorr   .          Rampage  .   (no gloves)
Will    .....                   (no boots)
Stlth   ..........              i - amulet of faith
HPRegen 0.25/turn               m - ring of fire
MPRegen 0.13/turn               j - ring of fire

@: no status effects
A: no striking features
a: Renounce Religion, Heroism, Finesse, Duel


You were on level 1 of the Lair of Beasts.
You worshipped Okawaru.
Okawaru was extremely pleased with you.
You visited 3 branches of the dungeon, and saw 10 of its levels.

You collected 558 gold pieces.
You spent 234 gold pieces at shops.

Inventory:

Hand Weapons
 a - a +0 war axe
 e - a +2 vorpal hand axe
 k - a +4 vampiric dagger
 z - a +2 hand axe of venom
 A - a +0 vorpal flail
 F - a +1 mace of draining
 I - a +3 morningstar
 L - a +1 vorpal broad axe (weapon)
 P - a +4 mace of freezing
Missiles
 h - 38 poisoned darts
 l - 4 curare-tipped darts (quivered)
 B - 4 boomerangs
 C - 3 datura-tipped darts
 G - 2 silver boomerangs
 J - 4 silver javelins
 R - 4 javelins
Armour
 b - a +0 helmet
 c - a +0 buckler (worn)
 t - a +0 helmet (worn)
 u - a +3 plate armour
 E - a +2 ring mail of cold resistance
 M - +0 swamp dragon scales (worn)
Jewellery
 i - an amulet of faith (around neck)
 j - a ring of fire (right hand)
 m - a ring of fire (left hand)
 y - a ring of see invisible
Wands
 q - a wand of polymorph (9)
Scrolls
 d - 3 scrolls of amnesia
 g - 3 scrolls of teleportation
 p - 2 scrolls of fog
 s - a scroll of immolation
 x - a scroll of fear
 N - a scroll of identify
 Q - a scroll of torment {unknown}
Potions
 f - 3 potions of haste
 n - 2 potions of heal wounds
 o - 2 potions of lignification {unknown}
 r - 2 potions of resistance {unknown}
 v - a potion of cancellation {unknown}
 w - 2 potions of curing
 D - 3 potions of degeneration {unknown}
 H - a potion of attraction {unknown}
 K - a potion of flight {unknown}
 O - a potion of invisibility {unknown}


   Skills:
 - Level 6.5 Fighting
 * Level 14.1(14.4) Axes
 + Level 3.7(8.6) Maces & Flails
 + Level 6.5 Throwing
 + Level 9.0 Armour
 - Level 4.0 Shields
 + Level 1.9 Invocations


You had 10 spell levels left.
You didn't know any spells.
Your spell library contained the following spells:

 Spells                   Type           Power      Damage    Failure   Level
 Magic Dart               Conj           0%         1d3       63%         1
 Searing Ray              Conj           0%         2d4       77%         2
 Dazzling Flash           Conj/Hex       0%         N/A       94%         3
 Stone Arrow              Conj/Erth      0%         3d7       94%         3
 Fulminant Prism          Conj/Hex       0%         3d6       100%        4
 Iskenderun's Mystic Bla  Conj/Tloc      0%         2d3       100%        4
 Conjure Ball Lightning   Conj/Air       0%         3x3d6     100%        6
 Starburst                Conj/Fire      0%         6d3       100%        6
 Storm Form               Tmut/Air       0%         N/A       100%        7
 Discord                  Hex            0%         N/A       100%        8
 Disjunction              Tloc           0%         N/A       100%        8
 Lehudib's Crystal Spear  Conj/Erth      0%         10d2      100%        8
 Maxwell's Capacitive Co  Air            0%         ∞         100%        8
 Animate Armour           Summ/Erth      Unusable   N/A       N/A         4
 Summon Lightning Spire   Summ/Air       Unusable   N/A       N/A         4

Dungeon Overview and Level Annotations

Branches:
Dungeon (8/15)             Temple (1/1) D:5            Lair (1/6) D:8

Altars:
Gozag
Makhleb
Okawaru
Qazlal
Ru
Sif Muna
Trog
Xom
The Shining One

Shops:
D:8 *


Message History

The yak gores you!
You hit the water moccasin.
The water moccasin is almost dead.
You hit the yak. The water moccasin bites you.
You are too injured to fight recklessly!
You are too injured to fight recklessly!
You are too injured to fight recklessly!
The water moccasin bites you but does no damage.
The yak gores you. The water moccasin bites you! The water moccasin bites you.
You fail to use your ability.
The water moccasin bites you.
* * * LOW HITPOINT WARNING * * *
The water moccasin completely misses you.
You hit the water moccasin.
You kill the water moccasin!
Okawaru accepts your kill.
You can now enter into single combat with a foe.
Okawaru will now gift you equipment as you gain piety.
You hit the yak.
The yak is lightly wounded.
The yak gores you!
* * * LOW HITPOINT WARNING * * *
You hit the yak.
The yak is moderately wounded.
The yak closely misses you.
You slash the yak!
The yak is heavily wounded.
The yak barely misses you.
You slash the yak!
You kill the yak!
Okawaru accepts your kill.
You have reached level 11!
You slice the komodo dragon!!
The komodo dragon is heavily wounded.
The komodo dragon barely misses you.
You barely miss the komodo dragon.
The komodo dragon is heavily wounded.
The komodo dragon bites you!!
You die...

...8# ♣♣♣♣[.♣..... ...#
♣♣♣♣........#
..♣♣♣♣..#........##
........#.........## .##...
........P....#.#...###.#...
.......†..######..........
. #.....<†..# #P.........
.. ..........# ##.#.#>..#
... .........##
#@##....####.... #........#
#l#.#.......... #.......##
#Y..YYl.#.l# #......##
#####Y...#.#... #.....##
###......... .....##
#......... #...##
#......... ##.## #######.##
### #


You could see a komodo dragon and a yak.

Vanquished Creatures
  A fire dragon (D:8)
  Maggie (D:8)
  Grinder (D:3)
  8 yaks (Lair:1)
  4 vampire mosquitoes (D:7)
  4 water moccasins
  3 black bears
  2 orc warriors
  4 ice beasts
  2 necrophages
  4 wolves (Lair:1)
  3 centaurs
  A phantom (D:6)
  2 kobold brigands
  3 bullfrogs
  A wyvern zombie (D:7)
  A scorpion (D:4)
  A killer bee (D:8)
  7 wights (D:8)
  4 howler monkeys (D:7)
  A centaur zombie (D:8)
  2 jellies
  2 hounds
  4 orc priests
  A centaur skeleton (D:5)
  A gnoll shaman (D:6)
  A scorpion zombie (D:5)
  Ijyb (D:5)
  An iguana (D:5)
  4 orc wizards
  A killer bee zombie (D:7)
  A hound zombie (D:5)
  A hound skeleton (D:4)
  7 adders
  8 gnolls
  A shadow imp (D:8)
  A white imp (D:5)
  2 ufetubi
  4 worms
  3 dart slugs
  33 orcs
  4 bats
  6 endoplasms
  5 giant cockroaches
  9 goblins
  13 hobgoblins
  16 jackals
  A quokka (D:3)
  8 ball pythons
  3 frilled lizards
  11 kobolds
  A rat (D:3)
214 creatures vanquished.

Notes
Turn   | Place    | Note
-------+----------+-------------------------------------------
     0 | D:1      | mcbry74 the Hill Orc Fighter began the quest for the Orb.
     0 | D:1      | Reached XP level 1. HP: 19/19 MP: 1/1
    12 | D:1      | Reached skill level 3 in Axes
    14 | D:1      | Reached XP level 2. HP: 24/26 MP: 2/2
   216 | D:1      | Reached XP level 3. HP: 26/31 MP: 3/3
   518 | D:1      | Reached skill level 4 in Axes
   741 | D:2      | Reached XP level 4. HP: 29/39 MP: 4/4
  1365 | D:2      | Reached skill level 5 in Axes
  1719 | D:3      | Reached XP level 5. HP: 29/45 MP: 5/5
  1972 | D:3      | Noticed Grinder
  1998 | D:3      | Killed Grinder
  1999 | D:3      | Reached skill level 6 in Axes
  1999 | D:3      | Reached skill level 1 in Throwing
  1999 | D:3      | Reached XP level 6. HP: 5/51 MP: 6/6
  2520 | D:3      | Found a shimmering altar of Xom.
  2924 | D:4      | Reached skill level 5 in Armour
  3229 | D:4      | Reached skill level 7 in Axes
  3229 | D:4      | Reached XP level 7. HP: 17/57 MP: 7/7
  3980 | D:5      | Entered Level 5 of the Dungeon
  4349 | D:5      | Reached skill level 8 in Axes
  4546 | D:5      | Reached XP level 8. HP: 48/64 MP: 8/8
  4707 | D:5      | Noticed Ijyb
  4729 | D:5      | Killed Ijyb
  4759 | D:5      | Found a staircase to the Ecumenical Temple.
  4767 | Temple   | Entered the Ecumenical Temple
  4896 | Temple   | Became a worshipper of Warmaster Okawaru
  4996 | D:5      | Reached skill level 9 in Axes
  6280 | D:6      | Reached skill level 10 in Axes
  6286 | D:6      | Reached * piety under Okawaru
  6448 | D:6      | Reached XP level 9. HP: 69/71 MP: 9/9
  6958 | D:7      | Reached skill level 11 in Axes
  6963 | D:7      | Reached ** piety under Okawaru
  7145 | D:7      | Reached skill level 5 in Throwing
  7348 | D:7      | Reached skill level 5 in Fighting
  7356 | D:7      | Reached *** piety under Okawaru
  7362 | D:7      | Reached skill level 12 in Axes
  7593 | D:7      | Received a gift from Okawaru
  8119 | D:8      | Found Qitaus's General Store.
  8127 | D:8      | Bought 2 potions of heal wounds for 130 gold pieces
  8127 | D:8      | Bought 2 scrolls of teleportation for 78 gold pieces
  8127 | D:8      | Bought a scroll of identify for 26 gold pieces
  8151 | D:8      | Reached XP level 10. HP: 79/83 MP: 10/10
  8212 | D:8      | Noticed a fire dragon
  8590 | D:8      | Reached **** piety under Okawaru
  8591 | D:8      | Reached skill level 1 in Maces & Flails
  8602 | D:8      | Noticed Maggie
  8628 | D:8      | Killed Maggie
  8628 | D:8      | Received a gift from Okawaru
  8925 | D:8      | Reached skill level 13 in Axes
  8943 | D:8      | Found a staircase to the Lair.
  9112 | D:8      | Killed a fire dragon
  9112 | D:8      | Received a gift from Okawaru
  9391 | Lair:1   | Entered Level 1 of the Lair of Beasts
  9501 | Lair:1   | Received a gift from Okawaru
  9762 | Lair:1   | Reached skill level 1 in Invocations
  9875 | Lair:1   | Reached skill level 14 in Axes
  9886 | Lair:1   | Reached ***** piety under Okawaru
  9892 | Lair:1   | Reached XP level 11. HP: 17/91 MP: 12/12
  9893 | Lair:1   | Mangled by a komodo dragon

Illustrated notes

Levels and vault maps discovered:
D:1:      dpeg_arrival_pond, layout_rooms
D:2:      minmay_alternating_diamond, layout_rooms,
          chequers_serial_rivers_room_b
D:3:      layout_basic, lemuel_coloured_pillars_altar, uniq_grinder
D:4:      layout_loops_cross
D:5:      layout_cave_pods, minmay_temple_entry_statues, uniq_ijyb
D:6:      layout_basic, nrook_mini_vaults, nicolae_underground_beach
D:7:      layout_rooms
D:8:      layout_basic, minmay_lair_entry_lava, serial_shops, shop,
          minmay_circle_x, uniq_maggie
Temple:   mainiacjoe_temple_trianglar_array
Lair:1:   wad_woods_structure_01, layout_gridlike, nzn_sisyphean_effort,
          lemuel_fruit_tree, infiniplex_staircase_pool

Skill      XL: |  1  2  3  4  5  6  7  8  9 10 |
---------------+-------------------------------+-----
Axes           | 3 4 5 6 7 8 10 12 14 | 14.1
Armour         | 4 5 6 8 9 |  9.0
Shields        | 4 |  4.0
Throwing       | 1 2 3 4 5 6 |  6.5
Fighting       | 5 6 |  6.5
Maces & Flails | 3 |  3.7
Invocations    | 1 |  1.9

Action                   |  1- 3 |  4- 6 |  7- 9 | 10-12 || total
-------------------------+-------+-------+-------+-------++-------
Melee: War axe           |    72 |   180 |   264 |       ||   516
       Dagger            |       |     9 |       |       ||     9
       Unarmed           |       |       |     8 |       ||     8
       Hand axe          |       |       |   145 |    80 ||   225
       Broad axe         |       |       |       |    77 ||    77
Throw: Dart              |     5 |       |    33 |     4 ||    42
Invok: Heroism           |       |       |     2 |     2 ||     4
       Finesse           |       |       |       |     1 ||     1
  Use: Scroll            |     4 |     4 |     2 |     1 ||    11
       Potion            |       |     1 |     5 |     1 ||     7
Armor: Scale mail        |    31 |    97 |    85 |       ||   213
       Plate armour      |       |       |   151 |    57 ||   208
       Swamp dragon scal |       |       |       |    20 ||    20
Dodge: Dodged            |    33 |    90 |   125 |    57 ||   305
Block: Buckler           |    14 |    61 |    66 |    18 ||   159
